Map: Blackburn LE

Players

maru - Winner!

  • Race: Terran Terran

Reynor

  • Race: Zerg Zerg

Event: DreamHack SC2 Masters 2021 Summer

VOD

Have the link to the VOD?

Description

Time

  • Played on: July 4, 2021, 12:46 p.m.
  • Length: 15:40

All games in this series

Show
View Real Time Build Order
Export as new Build Order

maru Terran - Winner!

Build Orders: Reaper Expand, Mech 

Get SALT Encoding   

  12  0:00  SCV  
  13  0:12  SCV  
  14  0:17  Supply Depot  
  14  0:24  SCV  
  15  0:39  SCV  
  15  0:40  Barracks  
  16  0:44  Refinery  
  16  0:51  SCV  
  17  1:03  SCV  
  18  1:15  SCV  
  19  1:27  Reaper, Orbital Command  
  20  1:39  Command Center  
  20  1:52  Supply Depot  
  20  1:53  SCV  
  21  1:59  Marine  
  22  2:05  SCV  
  23  2:08  Factory  
  23  2:17  SCV, Marine  
  25  2:29  SCV  
  26  2:39  Barracks Reactor  
  26  2:41  SCV  
  27  2:44  Command Center  
  27  2:52  Orbital Command  
  27  2:53  SCV  
  28  3:02  Starport  
  29  3:05  SCV  
  29  3:08  Refinery  
  29  3:17  SCV  
  30  3:21  Hellion x2  
  34  3:29  SCV x2  
  36  3:40  Viking  
  38  3:41  SCV  
  38  3:42  SCV  
  38  3:43  Refinery  
  38  3:44  Hellion  
  43  3:53  SCV  
  43  3:55  SCV  
  44  3:59  Orbital Command, Fusion Core  
  44  4:05  SCV  
  44  4:07  SCV, Supply Depot  
  44  4:09  Hellion  
  48  4:10  Hellion  
  48  4:14  Starport Tech Lab  
  50  4:18  Refinery, SCV  
  50  4:19  SCV  
  52  4:24  SCV  
  52  4:30  SCV, Supply Depot  
  54  4:33  Hellion x2  
  54  4:38  SCV  
  60  4:44  SCV  
  60  4:48  Battlecruiser  
  60  4:50  SCV  
  67  4:53  Supply Depot  
  67  4:54  Orbital Command  
  67  4:58  Hellion x2  
  67  4:59  SCV  
  72  5:04  SCV  
  73  5:17  Factory x2, Supply Depot  
  73  5:18  SCV x2  
  75  5:22  Hellion x2  
  75  5:25  SCV  
  80  5:30  SCV x2  
  82  5:37  SCV  
  82  5:38  Supply Depot  
  82  5:42  SCV x2  
  85  5:44  Armory  
  85  5:46  Armory  
  85  5:49  SCV  
  84  5:53  Hellion  
  84  5:54  SCV x2  
  84  6:01  SCV  
  82  6:06  SCV x2  
  82  6:07  Factory Tech Lab x2  
  83  6:13  SCV, Weapon Refit  
  84  6:18  SCV x2  
  84  6:21  Battlecruiser  
  93  6:25  SCV  
  93  6:27  Supply Depot  
  93  6:30  SCV x2  
  93  6:32  Refinery x2  
  95  6:37  SCV  
  95  6:39  Terran Vehicle And Ship Armor Level 1, Terran Vehicle Weapons Level 1  
  96  6:42  SCV  
  96  6:44  SCV  
  98  6:49  SCV, Engineering Bay  
  98  6:50  Supply Depot, Siege Tank x2  
  98  6:51  Supply Depot  
  98  6:53  Supply Depot  
  105  7:00  SCV x2  
  107  7:03  SCV  
  107  7:07  Command Center  
  108  7:12  SCV x2, Hellion x2  
  115  7:15  SCV, Supply Depot  
  115  7:22  Missile Turret  
  115  7:24  SCV  
  115  7:25  Battlecruiser  
  115  7:29  Cyclone x2  
  128  7:44  SCV x3  
  130  7:46  Missile Turret  
  130  7:47  Missile Turret  
  130  7:49  Factory, Missile Turret  
  130  7:50  Factory  
  130  7:51  Missile Turret  
  131  7:54  Supply Depot  
  131  7:56  SCV  
  131  7:57  Widow Mine  
  131  7:58  Widow Mine  
  136  8:01  Cyclone  
  136  8:05  Supply Depot  
  139  8:06  Supply Depot  
  139  8:11  Infernal Pre-Igniter  
  139  8:12  Missile Turret  
  139  8:15  Cyclone  
  142  8:21  Widow Mine x2  
  144  8:30  SCV, Battlecruiser  
  144  8:31  SCV x2, Missile Turret, Supply Depot  
  153  8:38  Factory Tech Lab, Factory Reactor  
  153  8:43  SCV x3  
  156  8:51  Widow Mine  
  156  8:52  Supply Depot  
  156  8:55  SCV, Missile Turret x3  
  159  8:57  Planetary Fortress  
  159  9:01  SCV  
  160  9:03  Supply Depot  
  160  9:04  Thor  
  166  9:12  Missile Turret  
  166  9:13  Refinery x2  
  166  9:17  Terran Vehicle And Ship Armor Level 2, Terran Vehicle Weapons Level 2  
  166  9:21  SCV  
  166  9:22  SCV x2  
  164  9:28  Thor  
  170  9:33  SCV  
  171  9:40  Widow Mine x3, Sensor Tower  
  171  9:43  Missile Turret  
  177  9:52  Command Center, Thor  
  182  10:14  Thor x2  
  188  10:35  Hellion, Thor  
  194  10:38  Drilling Claws  
  194  10:39  Factory x3  
  194  10:44  Command Center  
  194  10:48  Command Center  
  192  10:59  Thor  
  192  11:00  Widow Mine  
  189  11:13  Battlecruiser  
  189  11:15  Thor  
  189  11:16  Hellion x2  
  200  11:26  Factory Tech Lab  
  200  11:27  Factory Tech Lab  
  192  11:36  Thor  
  192  11:37  Hellion  
  200  11:45  Factory Reactor  
  192  11:48  Thor  
  192  11:49  Hellion  
  192  11:51  Planetary Fortress  
  200  12:05  Missile Turret  
  200  12:07  Missile Turret  
  200  12:09  Missile Turret  
  200  12:10  Missile Turret x2  
  200  12:11  Refinery x3, Missile Turret  
  200  12:13  Refinery  
  198  12:19  Thor  
  198  12:21  Terran Vehicle Weapons Level 3  
  198  12:22  Terran Vehicle And Ship Armor Level 3  
  198  12:29  Hellion x2  
  200  12:33  Planetary Fortress  
  176  12:38  Thor  
  176  12:39  Hellion x2  
  186  12:47  Thor  
  186  12:48  Hellion x2  
  186  12:49  Hellion x2  
  198  13:00  Hellion  
  198  13:03  Command Center  
  198  13:05  Missile Turret  
  200  13:06  Missile Turret x3  
  196  13:14  Hellion  
  196  13:17  Thor  
  196  13:18  Hellion  
  196  13:20  Smart Servos  
  196  13:21  Thor  
  190  13:27  Thor  
  190  13:30  Orbital Command  
  196  13:43  Hellion  
  196  13:45  Thor  
  190  13:50  Thor  
  190  13:51  Hellion  
  180  14:00  Thor  
  188  14:03  Widow Mine x4  
  188  14:05  Widow Mine x2  
  198  14:17  Hellion  
  198  14:19  Orbital Command  
  200  14:26  Sensor Tower  
  198  14:36  Thor  
  198  14:37  Hellion  
  198  14:41  Hellion  
  198  14:57  Hellion  
Show
View Real Time Build Order
Export as new Build Order

Reynor Zerg 

Build Orders: Pool First, Muta Ling Bane 

Get SALT Encoding   

  12  0:00  Drone  
  13  0:12  Overlord  
  13  0:17  Drone  
  14  0:31  Drone x2  
  14  0:34  Drone  
  17  0:45  Spawning Pool  
  17  0:47  Drone  
  17  1:08  Hatchery  
  17  1:10  Drone  
  17  1:14  Drone  
  17  1:17  Drone  
  19  1:32  Queen  
  21  1:46  Hatchery  
  20  1:48  Zergling x2  
  21  1:54  Overlord  
  21  1:58  Drone  
  22  2:12  Queen  
  22  2:13  Drone x2  
  26  2:23  Queen  
  26  2:26  Drone  
  29  2:30  Drone  
  29  2:32  Drone  
  29  2:35  Drone  
  32  2:43  Overlord  
  32  2:44  Drone  
  33  2:46  Drone  
  33  2:48  Drone  
  33  2:50  Extractor  
  33  2:51  Drone  
  35  2:59  Queen  
  35  3:01  Drone  
  35  3:02  Drone  
  35  3:04  Drone  
  40  3:06  Drone  
  41  3:13  Queen  
  41  3:18  Overlord  
  43  3:20  Drone x2  
  43  3:26  Zergling x4  
  47  3:28  Drone x2  
  47  3:31  Overlord  
  50  3:34  Drone  
  50  3:38  Queen  
  50  3:41  Drone  
  53  3:44  Overlord  
  53  3:46  Drone  
  53  3:47  Drone  
  55  3:52  Queen  
  57  3:57  Metabolic Boost  
  57  3:58  Drone  
  57  4:01  Overlord  
  58  4:03  Drone x2  
  58  4:05  Drone  
  58  4:07  Drone x2  
  63  4:13  Zergling x4  
  63  4:14  Zergling x2, Overlord  
  66  4:20  Spore Crawler  
  66  4:21  Spore Crawler  
  66  4:22  Drone  
  66  4:23  Drone x2  
  67  4:26  Overlord  
  67  4:32  Queen  
  67  4:35  Lair  
  67  4:37  Zergling x4  
  71  4:40  Drone x2  
  71  4:42  Overlord  
  73  4:46  Spine Crawler  
  73  4:48  Drone x2  
  73  4:49  Drone x2  
  77  4:52  Drone  
  77  4:53  Drone x2  
  77  4:54  Drone  
  77  4:59  Overlord  
  80  5:00  Drone x2  
  80  5:02  Evolution Chamber  
  79  5:09  Queen  
  79  5:12  Drone x3  
  84  5:14  Spore Crawler  
  84  5:15  Extractor  
  84  5:16  Spore Crawler  
  84  5:19  Zergling x8  
  86  5:24  Drone x2  
  86  5:27  Overlord, Baneling Nest  
  87  5:31  Overlord  
  87  5:38  Overlord  
  87  5:41  Drone  
  88  5:44  Drone x4  
  83  6:00  Zergling x8  
  83  6:02  Drone x6  
  83  6:03  Queen  
  91  6:05  Drone  
  91  6:07  Drone x2  
  91  6:10  Drone  
  94  6:11  Drone x2  
  94  6:13  Extractor  
  94  6:18  Overlord  
  95  6:19  Hatchery  
  95  6:21  Drone x5  
  95  6:23  Extractor  
  95  6:25  Spire  
  97  6:26  Extractor x2  
  97  6:27  Centrifical Hooks  
  97  6:30  Overlord  
  95  6:36  Queen, Zergling x6  
  95  6:39  Queen  
  103  6:47  Zergling x16  
  103  6:50  Overlord  
  110  6:54  Spore Crawler  
  108  7:11  Drone x6  
  108  7:12  Drone x2  
  108  7:13  Drone  
  108  7:15  Drone x4  
  121  7:17  Drone  
  121  7:22  Queen  
  122  7:24  Baneling x3  
  122  7:25  Baneling  
  122  7:26  Overlord  
  124  7:32  Hatchery  
  123  7:44  Mutalisk x9  
  141  7:52  Drone x2  
  141  7:55  Evolution Chamber, Zerg Flyer Weapons Level 1  
  141  7:56  Mutalisk, Evolution Chamber  
  144  7:58  Drone x4  
  144  7:59  Drone x3  
  144  8:00  Extractor, Spore Crawler  
  144  8:01  Extractor  
  147  8:10  Mutalisk x2  
  151  8:13  Overlord  
  151  8:15  Spore Crawler  
  151  8:16  Hatchery  
  144  8:29  Mutalisk x3  
  144  8:30  Overlord  
  144  8:34  Zergling x14  
  157  8:35  Zerg Melee Weapons Level 1  
  157  8:38  Mutalisk  
  157  8:41  Overlord  
  157  8:45  Mutalisk  
  157  8:47  Drone x4  
  157  8:48  Drone  
  162  8:49  Drone x2  
  164  8:56  Zerg Ground Armor Level 1  
  164  8:58  Mutalisk x2  
  164  9:00  Drone x3  
  171  9:05  Mutalisk  
  171  9:09  Extractor  
  172  9:10  Extractor, Hatchery  
  170  9:17  Mutalisk  
  170  9:18  Mutalisk x2  
  170  9:20  Hatchery  
  171  9:24  Zergling x20  
  171  9:26  Baneling x2  
  171  9:27  Baneling x5  
  171  9:29  Overlord  
  171  9:31  Drone  
  182  9:32  Drone x4  
  182  9:34  Drone x2  
  182  9:35  Drone  
  182  9:36  Drone x3, Mutalisk  
  182  9:38  Mutalisk  
  194  9:43  Overlord  
  196  9:49  Mutalisk x2  
  196  9:50  Zerg Flyer Weapons Level 2  
  200  9:56  Baneling x6  
  200  10:05  Drone x13  
  200  10:06  Drone  
  198  10:13  Mutalisk x3  
  199  10:19  Drone x11  
  197  10:26  Mutalisk x2  
  200  10:30  Extractor  
  200  10:31  Extractor  
  198  10:35  Baneling  
  198  10:36  Baneling x13  
  198  10:38  Zerg Melee Weapons Level 2  
  198  10:41  Zergling x4  
  200  10:54  Zerg Ground Armor Level 2  
  200  10:56  Infestation Pit  
  199  10:58  Pneumatized Carapace  
  199  11:00  Mutalisk  
  199  11:01  Queen  
  197  11:07  Zergling x8  
  188  11:13  Mutalisk x3  
  188  11:15  Zergling x34  
  195  11:19  Queen  
  195  11:21  Mutalisk  
  190  11:38  Zergling x10  
  190  11:39  Zergling x26  
  195  11:40  Mutalisk  
  195  11:41  Mutalisk x2  
  195  11:44  Zergling x16  
  190  11:47  Mutalisk, Hive  
  190  11:49  Mutalisk x3  
  198  11:54  Zergling x4  
  198  12:00  Baneling x14  
  200  12:05  Overseer  
  200  12:09  Hatchery  
  200  12:12  Mutalisk  
  197  12:16  Baneling x6  
  197  12:21  Zergling x22  
  196  12:28  Zergling x36  
  196  12:29  Mutalisk x3  
  200  12:30  Mutalisk x3  
  200  12:35  Mutalisk x4  
  186  12:38  Zergling x12  
  186  12:41  Mutalisk x2  
  186  12:43  Queen  
  194  12:44  Zergling x2  
  194  12:53  Mutalisk x3  
  194  12:58  Zergling x6  
  199  13:05  Extractor  
  198  13:07  Extractor  
  168  13:13  Mutalisk x6  
  168  13:15  Zergling x22  
  164  13:20  Mutalisk  
  164  13:21  Zergling x2  
  164  13:22  Zergling x6  
  164  13:25  Zergling x6  
  164  13:26  Queen, Zergling x2  
  163  13:27  Mutalisk x2  
  163  13:29  Queen  
  163  13:31  Zergling x4  
  163  13:34  Mutalisk x2  
  173  13:36  Zergling x2  
  173  13:40  Zergling x4  
  179  13:46  Mutalisk x3  
  172  13:49  Zergling x6  
  172  13:50  Zergling x2  
  172  13:54  Mutalisk x2  
  168  14:03  Mutalisk x2  
  168  14:09  Mutalisk  
  174  14:10  Extractor  
  174  14:11  Hatchery, Zergling x2  
  174  14:12  Zergling x20  
  174  14:16  Mutalisk x2  
  187  14:18  Hatchery  
  187  14:19  Zergling x6  
  187  14:21  Mutalisk  
  191  14:28  Mutalisk x2  
  193  14:34  Zergling x8  
  183  14:39  Mutalisk x2  
  183  14:44  Overlord  
  183  14:45  Mutalisk x2  
  187  14:49  Baneling x2  
  187  14:50  Baneling x3  
  191  14:56  Baneling  
  191  14:57  Mutalisk  
  189  15:01  Baneling  
  189  15:02  Baneling x4  
  189  15:05  Zergling x30  
  195  15:13  Mutalisk x4  
  186  15:17  Zergling x14  
  186  15:20  Zergling x8  
Tags
 
Add a new tag
Caveats
  • Supply blocks, unpowered buildings, or Contaminate may cause inaccurate times.
  • Supply counts are checked every 10 seconds.